TOP OF THE 1ST |
Los Angeles Dodgers batting - Pitching for Arizona Diamondbacks : RHP Nate Machado
|
Pitching: RHP Nate Machado
|
|
Batting: RHB Clay Buchanan
|
0-0: Ground out 5-3 (Groundball, 56, EV 108.8 MPH)
|
Batting: SHB Joel Baker
|
0-0: Swinging Strike 0-1: Ball 1-1: Ball 2-1: Swinging Strike 2-2: Ground out 5-3 (Groundball, 56, EV 105.0 MPH)
|
Batting: LHB Lirak Bazhunaishvili
|
0-0: Ground out 4-3 (Groundball, 4S, EV 76.9 MPH)
|
Top of the 1st over - 0 runs, 0 hits, 0 errors, 0 left on base; Los Angeles 0 - Arizona 0 |
BOTTOM OF THE 1ST |
Arizona Diamondbacks batting - Pitching for Los Angeles Dodgers : RHP Jeremy Stock
|
Pitching: RHP Jeremy Stock
|
|
Batting: RHB Andy Swaim
|
0-0: Ball 1-0: Swinging Strike 1-1: Ball 2-1: Swinging Strike 2-2: Ball 3-2: Strikes out looking
|
Batting: LHB Roy Steigerwald
|
0-0: Fly out, F7 (Flyball, 7D, EV 74.4 MPH)
|
Batting: RHB Katilimomi Kelekolio
|
0-0: Ball 1-0: Foul Ball, location: 2F 1-1: Swinging Strike 1-2: Ball 2-2: Ball 3-2: Foul Ball, location: 2F 3-2: Foul Ball, location: 2F 3-2: Base on Balls
|
Batting: RHB David Casas
|
0-0: Ball Katilimomi Kelekolio is caught stealing 2nd base 2-4
|
Bottom of the 1st over - 0 runs, 0 hits, 0 errors, 0 left on base; Los Angeles 0 - Arizona 0 |
TOP OF THE 2ND |
Los Angeles Dodgers batting - Pitching for Arizona Diamondbacks : RHP Nate Machado
|
Batting: LHB Chris Buchan
|
0-0: SINGLE (Groundball, 4MD, EV 98.1 MPH)
|
Batting: SHB Shane Marcum
|
0-0: Called Strike 0-1: Ball 1-1: Ball 2-1: Foul Ball, location: 2F 2-2: Ball 3-2: Foul Ball, location: 2F 3-2: Grounds into double play, 5-4-3 (Groundball, 5, EV 102.5 MPH)
|
Batting: RHB Tsutomu Irie
|
0-0: Called Strike 0-1: SINGLE (Line Drive, 3D, EV 98.1 MPH)
|
Batting: RHB John Piccolo
|
0-0: Ball 1-0: Swinging Strike 1-1: Ball 2-1: Fielders Choice at 2nd, 6-4 (Groundball, 6, EV 101.9 MPH)
|
Top of the 2nd over - 0 runs, 2 hits, 0 errors, 1 left on base; Los Angeles 0 - Arizona 0 |
BOTTOM OF THE 2ND |
Arizona Diamondbacks batting - Pitching for Los Angeles Dodgers : RHP Jeremy Stock
|
Batting: RHB David Casas
|
0-0: Called Strike 0-1: Ground out 5-3 (Groundball, 5, EV 96.2 MPH)
|
Batting: SHB Perry Tuckfard
|
0-0: Called Strike 0-1: Swinging Strike 0-2: Foul Ball, location: 2F 0-2: Ball 1-2: Ball 2-2: Ball 3-2: Base on Balls
|
Batting: LHB Mike Mentzer
|
0-0: Called Strike Perry Tuckfard is caught stealing 2nd base 2-6 0-1: Swinging Strike 0-2: Ball 1-2: Foul Ball, location: 2F 1-2: Ball 2-2: Foul Ball, location: 2F 2-2: SINGLE (Line Drive, 6D, EV 103.1 MPH)
|
Batting: SHB Salvador Aragon
|
0-0: Ball 1-0: SINGLE (Line Drive, 4M, EV 98.8 MPH) Mike Mentzer to second Runner from 2nd tries for 3rd, OUT! 8-5
|
Bottom of the 2nd over - 0 runs, 2 hits, 0 errors, 1 left on base; Los Angeles 0 - Arizona 0 |
TOP OF THE 3RD |
Los Angeles Dodgers batting - Pitching for Arizona Diamondbacks : RHP Nate Machado
|
Batting: SHB Benjamin Brown
|
0-0: Foul Ball, location: 2F 0-1: Ball 1-1: Reached on error, E3 (Groundball, 34S, EV 85.6 MPH)
|
Batting: RHB Wing-kit Bu
|
0-0: Ball 1-0: Called Strike 1-1: Swinging Strike 1-2: Ball 2-2: Foul Ball, location: 2F 2-2: Foul Ball, location: 2F 2-2: Foul Ball, location: 2F 2-2: Foul Ball, location: 2F 2-2: Strikes out swinging
|
Batting: RHB Clay Buchanan
|
0-0: Ball 1-0: Grounds into double play, 5-4-3 (Groundball, 56, EV 86.2 MPH)
|
Top of the 3rd over - 0 runs, 0 hits, 1 error, 0 left on base; Los Angeles 0 - Arizona 0 |
BOTTOM OF THE 3RD |
Arizona Diamondbacks batting - Pitching for Los Angeles Dodgers : RHP Jeremy Stock
|
Batting: SHB Warren Eisner
|
0-0: Called Strike 0-1: Called Strike 0-2: Ball 1-2: DOUBLE (Flyball, 8RXD, EV 103.1 MPH)
|
Batting: LHB Steve Reinhart
|
0-0: Called Strike 0-1: Swinging Strike 0-2: DOUBLE (Line Drive, 7LM, EV 108.1 MPH) Warren Eisner scores
|
Batting: RHB Andy Swaim
|
0-0: Ground out U3 (Groundball, 3, EV 80.6 MPH) Steve Reinhart to third
|
Batting: LHB Roy Steigerwald
|
0-0: Swinging Strike 0-1: Swinging Strike 0-2: Ball 1-2: Strikes out swinging
|
Batting: RHB Katilimomi Kelekolio
|
0-0: Ball 1-0: SINGLE (Line Drive, 3D, EV 100.6 MPH) Steve Reinhart scores
|
Batting: RHB David Casas
|
0-0: Called Strike 0-1: Called Strike 0-2: Ball 1-2: Foul Ball, location: 2F 1-2: Fielders Choice at 2nd, 6-4 (Groundball, 6, EV 85.6 MPH)
|
Bottom of the 3rd over - 2 runs, 3 hits, 0 errors, 1 left on base; Los Angeles 0 - Arizona 2 |
TOP OF THE 4TH |
Los Angeles Dodgers batting - Pitching for Arizona Diamondbacks : RHP Nate Machado
|
Batting: SHB Joel Baker
|
0-0: Called Strike 0-1: SINGLE (Line Drive, 9S, EV 91.2 MPH)
|
Batting: LHB Lirak Bazhunaishvili
|
0-0: Called Strike 0-1: Ball 1-1: Called Strike 1-2: Ball 2-2: Ball 3-2: Foul Ball, location: 2F 3-2: Foul Ball, location: 2F 3-2: Foul Ball, location: 2F 3-2: Base on Balls Joel Baker to second
|
Batting: LHB Chris Buchan
|
0-0: Called Strike 0-1: Foul Ball, location: 2F 0-2: Ball 1-2: SINGLE (Groundball, P, EV 86.2 MPH) (infield hit) Joel Baker to third Lirak Bazhunaishvili to second
|
Batting: SHB Shane Marcum
|
0-0: Called Strike 0-1: Ball 1-1: Hit by Pitch Joel Baker scores Lirak Bazhunaishvili to third Chris Buchan to second
|
Batting: RHB Tsutomu Irie
|
0-0: Ball 1-0: Ball 2-0: Grounds into double play, 3-6-1 (Groundball, 3, EV 79.4 MPH) Lirak Bazhunaishvili scores Chris Buchan to third
|
Batting: RHB John Piccolo
|
0-0: Ball 1-0: SINGLE (Groundball, 34D, EV 96.2 MPH) Chris Buchan scores
|
Batting: SHB Benjamin Brown
|
0-0: Ball 1-0: SINGLE (Groundball, 34D, EV 99.4 MPH) John Piccolo to second Runner from 2nd tries for 3rd, SAFE, throw by RF made to third
|
Batting: RHB Wing-kit Bu
|
0-0: Fly out, F8 (Flyball, 8LXD, EV 98.1 MPH)
|
Top of the 4th over - 3 runs, 4 hits, 0 errors, 2 left on base; Los Angeles 3 - Arizona 2 |
BOTTOM OF THE 4TH |
Arizona Diamondbacks batting - Pitching for Los Angeles Dodgers : RHP Jeremy Stock
|
Batting: SHB Perry Tuckfard
|
0-0: Ball 1-0: SINGLE (Groundball, 5S, EV 68.1 MPH) (infield hit)
|
Batting: LHB Mike Mentzer
|
0-0: Fielders Choice at 2nd, 4-6 (Groundball, 34S, EV 82.5 MPH)
|
Batting: SHB Salvador Aragon
|
0-0: Ball 1-0: Swinging Strike 1-1: Foul Ball, location: 2F 1-2: Fly out, F7 (Flyball, 7, EV 73.8 MPH)
|
Batting: SHB Warren Eisner
|
0-0: Ball 1-0: Ball 2-0: Ground out 4-3 (Groundball, 4, EV 85.6 MPH)
|
Bottom of the 4th over - 0 runs, 1 hit, 0 errors, 1 left on base; Los Angeles 3 - Arizona 2 |
TOP OF THE 5TH |
Los Angeles Dodgers batting - Pitching for Arizona Diamondbacks : RHP Nate Machado
|
Now at C: Marlon Reda
|
|
Batting: RHB Clay Buchanan
|
0-0: Ball 1-0: Foul Ball, location: 2F 1-1: Foul Ball, location: 2F 1-2: Ball 2-2: Strikes out looking
|
Batting: SHB Joel Baker
|
0-0: Foul Ball, location: 2F 0-1: Ball 1-1: DOUBLE (Line Drive, 7LM, EV 113.1 MPH)
|
Batting: LHB Lirak Bazhunaishvili
|
0-0: Ball 1-0: Ball 2-0: Foul Ball, location: 2F 2-1: Ground out 4-3 (Groundball, 4, EV 89.4 MPH) Joel Baker to third
|
Batting: LHB Chris Buchan
|
0-0: Called Strike 0-1: Ball 1-1: Ball 2-1: Swinging Strike 2-2: Ground out U3 (Groundball, 3, EV 103.8 MPH)
|
Top of the 5th over - 0 runs, 1 hit, 0 errors, 1 left on base; Los Angeles 3 - Arizona 2 |
BOTTOM OF THE 5TH |
Arizona Diamondbacks batting - Pitching for Los Angeles Dodgers : RHP Jeremy Stock
|
Batting: LHB Steve Reinhart
|
0-0: Swinging Strike 0-1: Ball 1-1: Foul Ball, location: 2F 1-2: Ball 2-2: Foul Ball, location: 2F 2-2: Ball 3-2: Base on Balls
|
Batting: RHB Andy Swaim
|
0-0: Called Strike Steve Reinhart steals 2nd base 0-1: Ball 1-1: Ball 2-1: Called Strike 2-2: Ball 3-2: Fly out, F7 (Flyball, 7D, EV 90.0 MPH)
|
Batting: LHB Roy Steigerwald
|
0-0: Called Strike 0-1: Ball 1-1: Ball 2-1: Ball 3-1: Swinging Strike 3-2: Foul Ball, location: 2F 3-2: Base on Balls
|
Batting: RHB Katilimomi Kelekolio
|
0-0: SINGLE (Line Drive, 4D, EV 95.0 MPH) Steve Reinhart to third Roy Steigerwald to second Runner from 3rd tries for Home, SAFE, throw by CF to home
|
Batting: RHB David Casas
|
0-0: Called Strike 0-1: Swinging Strike 0-2: Ball 1-2: TRIPLE (Flyball, 89XD, EV 102.5 MPH) Roy Steigerwald scores Katilimomi Kelekolio scores
|
Pitching: RHP Nate Allen
|
|
Batting: RHB Marlon Reda
|
0-0: Ball 1-0: Ball 2-0: Foul Ball, location: 2F 2-1: Foul Ball, location: 2F 2-2: Ground out 6-3 (Groundball, 6, EV 85.0 MPH) David Casas scores
|
Batting: LHB Mike Mentzer
|
0-0: Ball 1-0: Foul Ball, location: 2F 1-1: Ball 2-1: Ball 3-1: Base on Balls
|
Batting: SHB Salvador Aragon
|
0-0: Called Strike 0-1: Foul Ball, location: 2F 0-2: Foul Ball, location: 2F 0-2: Ball 1-2: Fly out, F7 (Line Drive, 78M, EV 106.2 MPH)
|
Bottom of the 5th over - 4 runs, 2 hits, 0 errors, 1 left on base; Los Angeles 3 - Arizona 6 |
TOP OF THE 6TH |
Los Angeles Dodgers batting - Pitching for Arizona Diamondbacks : RHP Nate Machado
|
Batting: SHB Shane Marcum
|
0-0: Ball 1-0: Swinging Strike 1-1: Foul Ball, location: 2F 1-2: Ball 2-2: Foul Ball, location: 2F 2-2: Strikes out swinging
|
Batting: RHB Tsutomu Irie
|
0-0: Called Strike 0-1: Ball 1-1: Ball 2-1: Foul Ball, location: 2F 2-2: Ground out 1-3 (Groundball, P, EV 66.2 MPH)
|
Batting: RHB John Piccolo
|
0-0: Ground out 5-3 (Groundball, 56, EV 100.0 MPH)
|
Top of the 6th over - 0 runs, 0 hits, 0 errors, 0 left on base; Los Angeles 3 - Arizona 6 |
BOTTOM OF THE 6TH |
Arizona Diamondbacks batting - Pitching for Los Angeles Dodgers : RHP Nate Allen
|
Batting: SHB Warren Eisner
|
0-0: Called Strike 0-1: Ball 1-1: Called Strike 1-2: Ground out 4-3 (Groundball, 4, EV 81.2 MPH)
|
Batting: LHB Steve Reinhart
|
0-0: Called Strike 0-1: Called Strike 0-2: Strikes out swinging
|
Batting: RHB Andy Swaim
|
0-0: Called Strike 0-1: Ball 1-1: Called Strike 1-2: Ball 2-2: Ball 3-2: Strikes out swinging
|
Bottom of the 6th over - 0 runs, 0 hits, 0 errors, 0 left on base; Los Angeles 3 - Arizona 6 |
TOP OF THE 7TH |
Los Angeles Dodgers batting - Pitching for Arizona Diamondbacks : RHP Nate Machado
|
Batting: SHB Benjamin Brown
|
0-0: Swinging Strike 0-1: Foul Ball, location: 2F 0-2: Strikes out swinging
|
Batting: RHB Wing-kit Bu
|
0-0: Ball 1-0: Foul Ball, location: 2F 1-1: Ball 2-1: Ball 3-1: SOLO HOME RUN (Flyball, 9LD, EV 97.5 MPH), Distance : 382 ft
|
Batting: RHB Clay Buchanan
|
0-0: Called Strike 0-1: Swinging Strike 0-2: Ball 1-2: Strikes out looking
|
Batting: SHB Joel Baker
|
0-0: Ball 1-0: Ball 2-0: Foul Ball, location: 2F 2-1: Called Strike 2-2: Strikes out swinging
|
Top of the 7th over - 1 run, 1 hit, 0 errors, 0 left on base; Los Angeles 4 - Arizona 6 |
BOTTOM OF THE 7TH |
Arizona Diamondbacks batting - Pitching for Los Angeles Dodgers : RHP Nate Allen
|
Pitching: RHP Chris Geraci
|
|
Batting: LHB Roy Steigerwald
|
0-0: Ball 1-0: Foul Ball, location: 2F 1-1: Called Strike 1-2: Ground out 5-3 (Groundball, 5L, EV 108.8 MPH)
|
Batting: RHB Katilimomi Kelekolio
|
0-0: Ball 1-0: Called Strike 1-1: Ball 2-1: Ball 3-1: Ground out 6-3 (Groundball, 6, EV 100.6 MPH)
|
Batting: RHB David Casas
|
0-0: Called Strike 0-1: Ball 1-1: Ball 2-1: Called Strike 2-2: Strikes out looking
|
Bottom of the 7th over - 0 runs, 0 hits, 0 errors, 0 left on base; Los Angeles 4 - Arizona 6 |
TOP OF THE 8TH |
Los Angeles Dodgers batting - Pitching for Arizona Diamondbacks : RHP Nate Machado
|
Pitching: RHP Adam Silbert
|
|
Batting: LHB Lirak Bazhunaishvili
|
0-0: Ball 1-0: Ball 2-0: Ball 3-0: Foul Ball, location: 2F 3-1: Base on Balls
|
Batting: LHB Chris Buchan
|
0-0: Foul Ball, location: 2F 0-1: Swinging Strike 0-2: Ball 1-2: Foul Ball, location: 2F 1-2: Strikes out swinging
|
Batting: SHB Shane Marcum
|
0-0: Ball 1-0: Called Strike 1-1: Fly out, F7 (Line Drive, 7S, EV 89.4 MPH)
|
Batting: RHB Tsutomu Irie
|
0-0: Ground out 6-3 (Groundball, P, EV 87.5 MPH)
|
Top of the 8th over - 0 runs, 0 hits, 0 errors, 1 left on base; Los Angeles 4 - Arizona 6 |
BOTTOM OF THE 8TH |
Arizona Diamondbacks batting - Pitching for Los Angeles Dodgers : RHP Chris Geraci
|
Pitching: RHP Santiago Montero
|
|
Batting: RHB Marlon Reda
|
0-0: Foul Ball, location: 2F 0-1: Ball 1-1: Foul Ball, location: 2F 1-2: Foul Ball, location: 2F 1-2: Ball 2-2: SINGLE (Line Drive, 7S, EV 101.2 MPH)
|
Batting: LHB Mike Mentzer
|
0-0: Bunt - Flyout to 15! F1
|
Batting: SHB Salvador Aragon
|
0-0: Called Strike 0-1: Swinging Strike 0-2: Foul Ball, location: 2F 0-2: Strikes out swinging
|
Batting: SHB Warren Eisner
|
0-0: Called Strike 0-1: Ball 1-1: Ball 2-1: Ground out 4-3 (Groundball, 34, EV 102.5 MPH)
|
Bottom of the 8th over - 0 runs, 1 hit, 0 errors, 1 left on base; Los Angeles 4 - Arizona 6 |
TOP OF THE 9TH |
Los Angeles Dodgers batting - Pitching for Arizona Diamondbacks : RHP Adam Silbert
|
Pitching: LHP Mario Valdivia
|
|
Batting: RHB John Piccolo
|
0-0: Ball 1-0: Called Strike 1-1: Called Strike 1-2: Strikes out swinging
|
Batting: SHB Benjamin Brown
|
0-0: Called Strike 0-1: Ball 1-1: Swinging Strike 1-2: Strikes out looking
|
Batting: RHB Wing-kit Bu
|
0-0: Called Strike 0-1: Ground out 6-3 (Groundball, 6M, EV 85.0 MPH)
|
Top of the 9th over - 0 runs, 0 hits, 0 errors, 0 left on base; Los Angeles 4 - Arizona 6 |
|